 Dungeon Crawl Stone Soup version 0.28.0-43-g3370ac3207 (webtiles) character file.

Game seed: 2797658140657365225

108 funkygono the Firebug (level 4, -2/30 HPs)
             Began as a Demonspawn Fire Elementalist on Mar 14, 2022.
             Slain by a hobgoblin (5 damage)
             ... led by Robin
             ... on level 3 of the Dungeon.
             The game lasted 00:03:43 (3229 turns).

funkygono the Firebug (DsFE)                        Turns: 3229, Time: 00:03:44

Health: -2/30      AC:  3    Str:  8    XL:     4   Next: 58%
Magic:  1/8        EV: 12    Int: 18    God:
Gold:   57         SH:  0    Dex: 14    Spells: 2/8 levels left

rFire   + . .      SeeInvis .   d - +0 short sword
rCold   . . .      Faith    .   (no shield)
rNeg    . . .      Spirit   .   r - +1 robe {rC+}
rPois   .          Reflect  .   (helmet restricted)
rElec   .          Harm     .   (no cloak)
rCorr   +          Rampage  .   (no gloves)
Will    .....                   (no boots)
Stlth   ++........              (no amulet)
HPRegen 0.10/turn               b - ring of resist corrosion
MPRegen 0.11/turn               g - ring of fire

@: no status effects
A: antennae 1, powered by death 1
a: no special abilities


You were on level 3 of the Dungeon.
You visited 1 branch of the dungeon, and saw 3 of its levels.

You collected 57 gold pieces.

Inventory:

Hand Weapons
 d - a +0 short sword (weapon)
Missiles
 f - 149 stones
Armour
 i - a +0 leather armour
 r - a +1 robe of cold resistance (worn)
Jewellery
 b - a ring of resist corrosion (left hand)
 g - a ring of fire (right hand)
 m - the amulet "Efosal" {Spirit rN+}
   (You found it on level 2 of the Dungeon)

   [amulet of guardian spirit]

   It causes incoming damage to be divided between your reserves of health and
   magic.
   rN:        It protects you from negative energy.
Scrolls
 a - a scroll of acquirement {unknown}
 c - 4 scrolls of identify {unknown}
 e - a scroll of enchant armour {unknown}
 k - a scroll of brand weapon {unknown}
 l - 2 scrolls of teleportation {unknown}
 o - a scroll of torment {unknown}
 q - a scroll of holy word {unknown}
Potions
 h - a potion of degeneration {unknown}
 j - a potion of berserk rage {unknown}
 n - a potion of lignification {unknown}
 p - a potion of heal wounds {unknown}


   Skills:
 + Level 0.1 Fighting
 + Level 1.8 Dodging
 - Level 1.7 Stealth
 * Level 2.9 Spellcasting
 * Level 2.1 Conjurations
 * Level 3.8 Fire Magic


You had 2 spell levels left.
You knew the following spells:

 Your Spells              Type           Power      Damage    Failure   Level
a - Foxfire               Conj/Fire      80%        2x1d8     4%          1
b - Scorch                Fire           50%        2d8       4%          2
c - Conjure Flame         Conj/Fire      20%        6-21      14%         3

Your spell library contained the following spells:

 Spells                   Type           Power      Damage    Failure   Level
 Pain                     Necr           8%         1d4       17%         1
 Inner Flame              Hex/Fire       14%        N/A       22%         3
 Flame Wave               Conj/Fire      20%        2d7       43%         4
 Agony                    Necr           2%         N/A       99%         5
 Excruciating Wounds      Necr           1%         N/A       99%         5


Dungeon Overview and Level Annotations

Branches:
Dungeon (3/15)

Altars:
Zin

Annotations:
D:3 Robin


Innate Abilities, Weirdness & Mutations

You have a pair of small antennae on your head.
You regenerate a little health from kills.


Message History

The foxfire hits the hobgoblin.
The hobgoblin is severely wounded.
The foxfire hits the hobgoblin.
You kill the hobgoblin!
Casting: Foxfire (safe; 4% risk of failure)
Confirm with . or Enter, or press ? or * to list all spells.
You feel a surge of power!
You conjure some foxfire!
The foxfire hits Robin.
Robin is lightly wounded.
The foxfire hits Robin but does no damage.
Robin is lightly wounded.
Casting: Foxfire (safe; 4% risk of failure)
Confirm with . or Enter, or press ? or * to list all spells.
You feel a surge of power!
You conjure some foxfire!
Casting: Foxfire (safe; 4% risk of failure)
Confirm with . or Enter, or press ? or * to list all spells.
You feel a surge of power!
You conjure some foxfire!
Robin hits you with a +5 club. The hobgoblin hits you.
Unknown command.
Casting: Foxfire (safe; 4% risk of failure)
Confirm with . or Enter, or press ? or * to list all spells.
You feel a surge of power!
Flames lash Robin.
Robin is moderately wounded.
Robin's fire resistance burns away.
The foxfire hits Robin.
Robin is burned terribly!
Robin is heavily wounded.
The foxfire hits Robin.
Robin is heavily wounded.
Robin hits you with a +5 club!
* * * LOW HITPOINT WARNING * * *
The foxfire hits Robin but does no damage.
Robin is heavily wounded.
The hobgoblin closely misses you.
Casting: Scorch (safe; 4% risk of failure)
Confirm with . or Enter, or press ? or * to list all spells.
You feel a surge of power!
You conjure some foxfire!
The goblin no longer looks unusually strong.
Robin hits you with a +5 club.
* * * LOW HITPOINT WARNING * * *
The hobgoblin hits you.
You die...

#.......# .# ###.###.# {gg#
#.# #.# ####g..# #.###'###
#.g'gg.# #.#.....# #.##...#
#.#.....# #g# +## #.#.....#
#.# #.#.....##########.#{
#######[#.....ยง@g..g.g)..#
#.......#.....vvg......###
#....####......#######.#
#.....# #............#.#
#.....# #............#.#
#.....# #.....########.#
#.#+#.# #..............#
#.#.#.###.###.##########
#.#.....#.###.#


You could see Robin (combustible, ally target), 2 hobgoblins and a goblin.

Vanquished Creatures
  5 adders (D:2)
  2 worms (D:2)
  2 dart slugs (D:2)
  4 endoplasms
  2 giant cockroaches (D:1)
  4 goblins
  8 hobgoblins
  8 kobolds
  A quokka (D:3)
  3 ball pythons
  4 bats
  5 frilled lizards
  6 rats
54 creatures vanquished.

Vanquished Creatures (others)
  146 foxfires
146 creatures vanquished.

Grand Total: 200 creatures vanquished

Notes
Turn   | Place    | Note
-------+----------+-------------------------------------------
     0 | D:1      | funkygono the Demonspawn Fire Elementalist began the quest
                  | for the Orb.
     0 | D:1      | Reached XP level 1. HP: 13/13 MP: 3/3
   274 | D:1      | Reached skill level 3 in Fire Magic
   377 | D:1      | Gained mutation: You regenerate a little health from kills.
                  | [demonic ancestry]
   377 | D:1      | Reached XP level 2. HP: 19/19 MP: 0/5
   380 | D:1      | Learned a level 2 spell: Scorch
   450 | D:1      | Found a faded altar of an unknown god.
  1306 | D:2      | Gained mutation: You have a pair of small antennae on your
                  | head. [demonic ancestry]
  1306 | D:2      | Reached XP level 3. HP: 24/24 MP: 1/6
  1310 | D:2      | Learned a level 3 spell: Conjure Flame
  1683 | D:2      | Identified the amulet "Efosal" {Spirit rN+}
  1770 | D:2      | Reached XP level 4. HP: 28/30 MP: 4/8
  3206 | D:3      | Noticed Robin
  3229 | D:3      | Slain by a hobgoblin

Illustrated notes

Levels and vault maps discovered:
D:1:      roderic_dead_forest, layout_basic, dreamdust_ecumenical_altar_grove,
          chequers_garden
D:2:      minmay_wonky_spiral, layout_rooms
D:3:      layout_basic, zin_scriptorium, uniq_robin

Skill      XL: |  1  2  3  4 |
---------------+-------------+-----
Fire Magic     | 3 |  3.8
Conjurations   | 2 |  2.1
Fighting       | |  0.1
Dodging        | |  1.8
Stealth        | |  1.7
Spellcasting   | |  2.9

Action                   |  1- 3 |  4- 6 || total
-------------------------+-------+-------++-------
Melee: Unarmed           |    11 |       ||    11
 Cast: Foxfire           |    58 |    30 ||    88
       Scorch            |     1 |     8 ||     9
Armor: Robe              |     5 |     3 ||     8
Dodge: Dodged            |    10 |     8 ||    18
